Map: [ESL] Ancient Cistern

Players

PiG - Winner!

  • Race: Zerg Zerg
  • League: Master
  • Spawn Location: 1:00

Cognuts

  • Race: Zerg Zerg
  • League: Diamond
  • Spawn Location: 7:00

VOD

Have the link to the VOD?

Description

Time

  • Played on: April 11, 2023, 6:24 p.m.
  • Length: 8:10
Show
View Real Time Build Order
Export as new Build Order

PiG Zerg - Winner!

Build Orders: Hatch First 

Get SALT Encoding   

  12  0:01  Drone  
  13  0:13  Overlord  
  13  0:18  Drone  
  14  0:31  Drone x2  
  16  0:35  Drone  
  17  0:53  Hatchery  
  17  0:56  Drone  
  17  1:00  Drone  
  18  1:15  Spawning Pool  
  17  1:19  Drone  
  17  1:24  Drone  
  19  1:33  Drone  
  20  1:44  Overlord  
  20  2:02  Queen  
  20  2:03  Zergling x4  
  20  2:05  Queen  
  20  2:08  Drone  
  27  2:17  Drone x2  
  29  2:27  Overlord  
  29  2:30  Drone  
  29  2:34  Drone  
  31  2:38  Queen  
  33  2:50  Drone x3  
  36  2:56  Extractor x2  
  34  3:00  Spine Crawler  
  32  3:15  Drone x7  
  32  3:18  Drone x3  
  42  3:38  Evolution Chamber, Roach Warren  
  39  3:41  Evolution Chamber  
  39  3:48  Drone x6  
  44  3:51  Lair  
  44  3:54  Extractor  
  43  4:02  Evolution Chamber  
  42  4:08  Spine Crawler x3  
  39  4:10  Spine Crawler  
  38  4:20  Roach x3  
  38  4:22  Overlord x3  
  44  4:33  Evolution Chamber x2  
  44  4:45  Drone x6  
  44  4:46  Roach Warren  
  49  4:58  Drone x2  
  51  5:11  Zerg Missile Weapons Level 1  
  51  5:19  Overlord x3  
  51  5:30  Roach x7  
  51  5:31  Glial Reconstitution  
  65  5:44  Overseer  
  65  5:47  Overlord x4  
  81  6:04  Roach x8  
  81  6:15  Hatchery  
  80  6:33  Roach x7  
  94  6:53  Roach x5  
  104  7:09  Drone x3  
  104  7:13  Drone x5  
  108  7:38  Roach x7  
  108  7:42  Overlord  
  108  7:43  Overlord x4  
Show
View Real Time Build Order
Export as new Build Order

Cognuts Zerg 

Build Orders: Hatch First, Zergling Baneling 

Get SALT Encoding   

  12  0:00  Drone  
  13  0:08  Drone  
  14  0:16  Overlord  
  14  0:35  Drone x3  
  17  0:53  Hatchery  
  17  0:55  Drone  
  17  0:59  Drone  
  18  1:09  Extractor  
  17  1:14  Spawning Pool  
  17  1:16  Drone  
  17  1:22  Drone  
  18  1:33  Drone  
  19  1:43  Overlord  
  19  2:01  Queen  
  19  2:02  Drone  
  19  2:03  Drone  
  19  2:05  Queen  
  19  2:06  Drone  
  26  2:15  Drone  
  27  2:16  Drone  
  28  2:28  Metabolic Boost  
  28  2:31  Baneling Nest  
  28  2:36  Zergling x6  
  30  2:46  Zergling x4  
  32  3:05  Drone x2  
  34  3:11  Hatchery  
  33  3:17  Drone x2  
  33  3:18  Drone  
  33  3:19  Overlord  
  36  3:36  Baneling  
  36  3:37  Baneling x2  
  36  3:38  Baneling x4  
  36  3:41  Zergling x6  
  36  3:42  Zergling x6  
  42  3:48  Queen  
  42  3:50  Overlord  
  44  4:02  Overlord  
  44  4:08  Overlord, Queen  
  44  4:09  Baneling  
  46  4:10  Baneling  
  46  4:11  Baneling x2  
  45  4:26  Baneling  
  39  4:39  Drone x6  
  39  4:44  Queen  
  47  4:47  Drone x3  
  47  4:48  Drone x3  
  52  5:14  Extractor, Lair  
  52  5:16  Extractor  
  52  5:17  Extractor  
  49  5:29  Drone x6  
  55  5:52  Overlord x2  
  55  6:01  Queen  
  55  6:02  Extractor  
  55  6:03  Extractor, Queen  
  57  6:05  Drone x7  
  63  6:12  Zergling x4  
  65  6:24  Spine Crawler x2  
  63  6:28  Spire, Spine Crawler  
  61  6:34  Overlord x2  
  61  6:37  Queen  
  63  6:52  Overlord  
  63  6:53  Overlord x2  
  63  6:55  Drone x2  
  63  6:56  Drone x3  
  69  7:01  Drone  
  69  7:09  Hatchery  
  69  7:13  Drone x3  
  70  7:24  Zergling x2  
  70  7:25  Zergling x16  
  68  7:39  Spine Crawler  
  68  7:40  Mutalisk x3  
  68  7:41  Mutalisk x3  
Tags
 
Add a new tag
Caveats
  • Supply blocks, unpowered buildings, or Contaminate may cause inaccurate times.
  • Supply counts are checked every 10 seconds.